 Dungeon Crawl Stone Soup version 0.23.2-40-g277498a001 (webtiles) character file.

Game seed: 8496521874941180999

1094 Descartes the Insei (level 8, -6/37 HPs)
             Began as a Vine Stalker Transmuter on Oct 14, 2019.
             Was an Initiate of Dithmenos.
             Mangled by an orc warrior
             ... wielding a +0 short sword
              (13 damage)
             ... on level 5 of the Dungeon.
             The game lasted 00:14:28 (5475 turns).

Descartes the Insei (Vine Stalker Transmuter)       Turns: 5475, Time: 00:14:28

Health: -6/37      AC:  6    Str: 14    XL:     8   Next: 31%
Magic:  0/12       EV: 12    Int: 13    God:    Dithmenos [......]
Gold:   237        SH:  0    Dex: 19    Spells: 3/11 levels left

rFire    + . .     SeeInvis .     - Unarmed
rCold    + . .     Gourm    .   (no shield)
rNeg     . . .     Faith    .   H - +1 leather armour {MR+}
rPois    .         Spirit   +   (no helmet)
rElec    .         Reflect  .   F - scarf {rC+ rF+}
rCorr    .         Harm     .   (no gloves)
MR       ++...                  G - +1 pair of boots {Fly}
Stlth    ++........             (no amulet)
HPRegen  0.52/turn              C - +3 ring of dexterity
MPRegen  0.13/turn              y - ring of stealth

@: flying, very slightly contaminated
A: fangs 3, regeneration 1, magic shield, antimagic bite, no potion heal 3, rot
immunity
a: Renounce Religion, Stop Flying


You were on level 5 of the Dungeon.
You worshipped Dithmenos.
Dithmenos was noncommittal.
You were not hungry.

You visited 2 branches of the dungeon, and saw 7 of its levels.

You collected 237 gold pieces.

Inventory:

Hand Weapons
 q - a +1 blowgun
 z - a cursed -3 fustibalus
Missiles
 a - 33 arrows
 f - 241 stones (quivered)
 k - 27 poisoned needles
 s - 4 tomahawks
 u - 36 sling bullets
 w - 26 bolts
Armour
 b - a +2 pair of boots
 F - a scarf of resistance (worn)
 G - a +1 pair of boots of flying (worn)
 H - a +1 leather armour of magic resistance (worn)
Magical Staves
 D - an uncursed staff of conjuration
Jewellery
 l - a +4 ring of intelligence {unknown}
 y - a ring of stealth (right hand)
 C - a +3 ring of dexterity (left hand)
 E - an uncursed ring of see invisible {unknown}
Wands
 B - a wand of scattershot (3)
Scrolls
 h - 2 scrolls of magic mapping {unknown}
 j - a scroll of noise {unknown}
 m - a scroll of enchant armour {unknown}
 o - 2 scrolls of enchant weapon
 p - 2 scrolls of fear {unknown}
 r - 2 scrolls of fog
 t - 4 scrolls of identify {unknown}
 v - a scroll of remove curse
 x - a scroll of amnesia {unknown}
 A - 3 scrolls of teleportation {unknown}
Potions
 c - 2 potions of curing {unknown}
 e - a potion of agility {unknown}
 g - 2 potions of magic {unknown}
 i - a potion of lignification {unknown}
 I - 3 potions of heal wounds
Comestibles
 d - 11 rations


   Skills:
 - Level 0.8 Fighting
 - Level 1.5 Dodging
 + Level 7.4 Unarmed Combat
 - Level 2.1 Spellcasting
 + Level 7.0 Transmutations


You had 3 spell levels left.
You knew the following spells:

 Your Spells              Type           Power        Failure   Level  Hunger
a - Beastly Appendage     Tmut           ###...       1%          1    ##.....
b - Sticks to Snakes      Tmut           ###.....     2%          2    ###....
c - Blade Hands           Tmut           ###.......   45%         5    ######.

Your spell library contained the following spells:

 Spells                   Type           Power        Failure   Level  Hunger
 Spider Form              Tmut/Pois      ##........   22%         3    ####...
 Ice Form                 Ice/Tmut       ##......     58%         4    #####..


Dungeon Overview and Level Annotations

Branches:
Dungeon (6/15)             Temple (1/1) D:5

Altars:
Ashenzari
Cheibriados
Dithmenos
Elyvilon
Fedhas
Gozag
Hepliaklqana
Kikubaaqudgha
Makhleb
Nemelex Xobeh
Okawaru
Qazlal
Ru
Sif Muna
Trog
Uskayaw
Vehumet
Wu Jian
Xom
Zin
The Shining One

Shops:
D:6 :


Innate Abilities, Weirdness & Mutations

You have razor-sharp teeth.
Your natural rate of healing is unusually fast.
When hurt, damage is shared between your health and your magic reserves.
Your bite disrupts and absorbs the magic of your enemies.
Potions cannot restore your health.
You are immune to rotting.


Message History

The orc warrior is severely wounded.
The orc warrior hits you with a +0 short sword!
You hit the orc warrior but do no damage.
You bite the orc warrior, but do no damage.
The orc warrior is severely wounded.
You hit the orc warrior. Your bite misses the orc warrior.
The orc warrior is almost dead.
The orc warrior hits you with a +0 short sword.
You hit the orc warrior. Your bite misses the orc warrior.
The orc warrior is almost dead.
The orc warrior hits you with a +0 short sword.
* * * LOW HITPOINT WARNING * * *
You hit the orc warrior.
The orc warrior is almost dead.
The orc warrior hits you with a +0 short sword!
* * * LOW HITPOINT WARNING * * *
You reach down and open the door.
The orc warrior misses you.
There is an open door here.
The orc warrior hits you with a +0 short sword!
You die...

.......####.........#+##.........
.......#..'......................
..##'###..#..........)...........
..'...#...#.>..#####.............
..#...+...#....#...#....#.##...##
..#...##..###'##...#....#.##...##
.###+###'###.......##+###........
.#.............o.............>...
.#..............@.......+........
.###..###'########'######.##...##
...######.###.............##...##
...#....#...#....................
...'....#...'....................
...###+####+#....................
#................#'#############'
+................#...............
#................'...............


You could see an orc warrior.

Vanquished Creatures
  Menkaure (D:4)
  A water moccasin (D:5)
  An orc warrior (D:5)
  An ogre (D:6)
  A centaur (D:5)
  2 scorpions
  2 howler monkeys (D:4)
  A crimson imp (D:6)
  A hound (D:5)
  A jelly (D:6)
  3 centaur skeletons
  2 worker ants
  9 adders
  3 gnolls (D:2)
  2 shadow imps (D:5)
  A worm (D:2)
  2 dart slugs
  4 leopard geckos
  10 orcs
  7 giant cockroaches
  6 goblins
  6 hobgoblins
  4 jackals (D:1)
  4 quokkas
  7 bats
  3 frilled lizards
  A jackal skeleton (D:4)
  8 kobolds
  A leopard gecko skeleton (D:6)
  3 rats
98 creatures vanquished.

Vanquished Creatures (others)
  An ogre (D:6)
1 creature vanquished.

Grand Total: 99 creatures vanquished

Notes
Turn   | Place    | Note
-------+----------+-------------------------------------------
     0 | D:1      | Descartes the Vine Stalker Transmuter began the quest for
                  | the Orb.
     0 | D:1      | Reached XP level 1. HP: 9/9 MP: 4/4
   120 | D:1      | Reached XP level 2. HP: 2/14 MP: 6/6
   853 | D:1      | Found a glowing golden altar of the Shining One.
   863 | D:1      | Reached XP level 3. HP: 17/17 MP: 7/7
  1875 | D:2      | Gained mutation: Your natural rate of healing is unusually
                  | fast. [Vine Stalker growth]
  1875 | D:2      | Reached XP level 4. HP: 11/21 MP: 4/8
  1913 | D:2      | Learned a level 2 spell: Sticks to Snakes
  2360 | D:3      | Reached XP level 5. HP: 24/25 MP: 9/9
  3108 | D:4      | Reached skill level 5 in Unarmed Combat
  3108 | D:4      | Reached XP level 6. HP: 27/29 MP: 8/10
  3191 | D:4      | Noticed Menkaure
  3206 | D:4      | Killed Menkaure
  3206 | D:4      | Reached skill level 5 in Transmutations
  3213 | D:4      | Learned a level 5 spell: Blade Hands
  3431 | D:4      | Reached XP level 7. HP: 29/32 MP: 11/11
  3556 | D:5      | Entered Level 5 of the Dungeon
  3662 | D:5      | Found a white marble altar of Elyvilon.
  3984 | D:5      | Found a staircase to the Ecumenical Temple.
  4038 | Temple   | Entered the Ecumenical Temple
  4165 | Temple   | Became a worshipper of Dithmenos the Shadowed
  4552 | D:6      | Found Haaciefa's Book Emporium.
  4613 | D:6      | Gained mutation: You have razor-sharp teeth. [Vine Stalker
                  | growth]
  4613 | D:6      | Reached XP level 8. HP: 37/37 MP: 12/12
  5475 | D:5      | Mangled by an orc warrior

Skill      XL: |  1  2  3  4  5  6  7  8 |
---------------+-------------------------+-----
Transmutations | 3 4 5 6 7 |  7.0
Unarmed Combat | 4 5 7 |  7.4
Fighting       | |  0.8
Dodging        | |  1.5
Spellcasting   | |  2.1

Action                   |  1- 3 |  4- 6 |  7- 9 || total
-------------------------+-------+-------+-------++-------
Melee: Unarmed           |    93 |   122 |   101 ||   316
       Bite              |    16 |    31 |    34 ||    81
       Punch             |     2 |     3 |     3 ||     8
       Kick              |     3 |    13 |       ||    16
       Headbutt          |       |    11 |    22 ||    33
       Staff             |       |     4 |       ||     4
 Cast: Beastly Appendage |     3 |    16 |    18 ||    37
       Blade Hands       |       |       |     1 ||     1
  Use: Scroll            |     1 |     3 |       ||     4
       Potion            |       |       |     1 ||     1
 Stab: Sleeping          |     3 |     5 |     4 ||    12
       Distracted        |       |       |     1 ||     1
  Eat: Chunk             |     2 |     6 |     6 ||    14
       Ration            |       |       |     1 ||     1
Armor: Robe              |    18 |       |       ||    18
       Leather armour    |     1 |    29 |    21 ||    51
       Scale mail        |       |     7 |       ||     7
Dodge: Dodged            |    47 |    79 |    59 ||   185
